Workbook
Name ¿Quiénes_están_inscritos_dentro_del_sistema__incluye_desinscr___: #REF!
Name ActividadRE: #REF!
Name ALMUERZO: '[1]Resumen Preparaciones'!$C$52:$C$113
Name almuerzocena: '[1]Resumen Preparaciones'!$C$52:$C$141
Name Calidad: [2]PERSONAL!$P$58
Name Campamento: [2]PERSONAL!$P$122
Name CostoDirectoObra: #REF!
Name CuantostieneEdSuperior: #REF!
Name Decision: [3]lista!$A$6:$A$7
Name Decision: [4]lista!$A$6:$A$7
Name Dedicacion: '[5]Tal Humano'!#REF!
Name desayuno: '[1]Resumen Preparaciones'!$C$5:$C$50
Name DESAYUNOS: '[1]Resumen Preparaciones'!$C$5:$C$33
Name DeseanCapacitacionEn: #REF!
Name DESINSCRITOS: #REF!
Name DISTRIBUCIONPORTIPOCONTRATO: #REF!
Name Ed_cons_empr_CodEntidad: #REF!
Name Ed_emp_codemp: #REF!
Name EdSuperior2: #REF!
Name EdSuperior3: #REF!
Name Empresa: #REF!
Name Ensayos: [2]PERSONAL!$P$100
Name EstadoMadCabFamilia: #REF!
Name Estrategia: [6]Tablas!$F$2:$F$34
Name Fuente: [6]Tablas!$D$2:$D$10
Name Funcionario: [7]frmFuncionario!#REF!
Name GruporUPS: #REF!
Name HFGHGFH3: [8]Planta_Super!#REF!
Name Horas: '[9]Tal Humano'!#REF!
Name hrgc: #REF!
Name Incre: #REF!
Name INCREMENTO: #REF!
Name INCREMENTOS: #REF!
Name Indemnizacion: #REF!
Name InfLaboral: #REF!
Name InfLabrl: #REF!
Name Ins: #REF!
Name InsEnt: #REF!
Name InsFisMag: #REF!
Name IVASobreUtilidad: [2]IMPUESTOS!$E$16
Name LimitacionAuditiva: #REF!
Name LimitacionFisicaOMental: #REF!
Name LimitacionVisual: #REF!
Name LISTA_1: #REF!
Name LISTA_2: #REF!
Name LISTA_PROM: #REF!
Name MadreCabezaFamilia: #REF!
Name Mas_Bajo_Adminstración: '[10]Costo Total'!#REF!
Name Mas_Bajo_Imprevistos: '[10]Costo Total'!#REF!
Name NivelEducacionBasica: #REF!
Name NIVELEDUCACIONSUP: #REF!
Name NivelEducacionSuperior: #REF!
Name NoFacturable: [2]PERSONAL!$P$46
Name NoNOInscritos: #REF!
Name NUMERO: [8]Planta_Super!#REF!
Name Objetivos: [6]Tablas!$E$2:$E$17
Name Oficina: [2]PERSONAL!$P$69
Name PagoRE: #REF!
Name PARTICIPACION: [3]lista!$A$15:$A$17
Name PARTICIPACION: [4]lista!$A$15:$A$17

Sheet FORMATO SDC
B8: SOLICITUD DE COTIZACIÓN
B10: EMPRESA: | D10: NIT: | F10: FECHA:
B11: CONTACTO: | D11: CARGO: | F11: TEL. CELULAR :
B12: E-MAIL: | D12: DIRECCIÓN: | F12: TELEFONO FIJO:
B14: Instrucciones para el diligenciamiento del formato de cotización
B15: • Por favor diligenciar solo las celdas en AMARILLO. Se deben llenar todas las casillas. • Revisar todos los requerimientos que se exponen en el documento "Ficha de Condiciones Técnicas" y Anexos; y formular su cotización en concordancia con este. • Asignar precio sin incluir el IVA en las celdas de la columna "E" y asignar la tarifa de IVA que corresponda en las celdas de la columna "F" • El valor de la cotización deber ser expresado en PESOS COLOMBIANOS. • Los valores unitarios deberán aproximarse por exceso o por defecto al entero más cercano. Si la cifra no está aproximada y aparece con centavos, el ICBF aproximará al entero inferior. • No modificar, agregar o quitar ningún ítem o sub-ítem.
B17: Item. No | C17: Descripción | D17: Cantidad | E17: Precio Unitario Antes de I.V.A. | F17: Tarifa I.V.A. | G17: Precio Unitario INCLUIDO I.V.A.
B18: 1 | C18: Abrazadera metálica 1" | D18: 1 | G18: =+E18*(1+F18) -> 0
B19: 2 | C19: Abrazadera metálica 1/2” | D19: 1 | G19: =+E19*(1+F19) -> 0
B20: 3 | C20: Abrazadera metálica 1/4” | D20: 1 | G20: =+E20*(1+F20) -> 0
B21: 4 | C21: Abrazadera metálica 2" | D21: 1 | G21: =+E21*(1+F21) -> 0
B22: 5 | C22: Abrazadera metálica 3" | D22: 1 | G22: =+E22*(1+F22) -> 0
B23: 6 | C23: Abrazadera metálica 3/8” | D23: 1 | G23: =+E23*(1+F23) -> 0
B24: 7 | C24: Abrazadera metálica 4" | D24: 1 | G24: =+E24*(1+F24) -> 0
B25: 8 | C25: Aceite 3 en 1 de 30ml grande gotero | D25: 1 | G25: =+E25*(1+F25) -> 0
B26: 9 | C26: Acople de audio XLR a plug de 3.5 | D26: 1 | G26: =+E26*(1+F26) -> 0
B27: 10 | C27: Acople de audio y video 1 Jack RCA a 1 Plug 6.3mm estéreo | D27: 1 | G27: =+E27*(1+F27) -> 0
B28: 11 | C28: Acople de audio y video 1 Jack RCA a 1 Plug 6.3mm monofónico | D28: 1 | G28: =+E28*(1+F28) -> 0
B29: 12 | C29: Acople de audio y video 2 Jack 3.5mm estéreo a 1 plug 3.5mm estéreo | D29: 1 | G29: =+E29*(1+F29) -> 0
... B502: 485 | C502: Vulkem 116 | D502: 1 | G502: =+E502*(1+F502) -> 0
B504: La presente cotización:
B505: • Incluye todos los costos y gastos directos e indirectos en que debe incurrir el contratista durante la ejecución del contrato de acuerdo con las especificaciones de la Ficha de Condiciones Técnicas, las obligaciones tributarias de acuerdo con las normas aplicables para el tipo de servicio y contrato correspondiente, y los costos de las pólizas. • Se remite como parte del estudio de mercado, previo a la contratación, y no implica ninguna obligación de contratar. • Tiene una vigencia de 90 días a partir de la fecha de diligenciamiento.
B506: Inscripción en el Registro Único de Proponentes: Las personas naturales y jurídicas, nacionales o extranjeras, con domicilio en Colombia, interesadas en participar en procesos de contratación convocados por las entidades estatales, deben estar inscritas en el RUP, salvo las excepciones previstas de forma taxativa en la ley (Artículo 8 del Decreto 1510 de 2013). Se aclara que esta inscripción no se requiere para remitir cotización durante el estudio de mercado.

Sheet INFO GENERAL Y FINANCIERA
B8: Formato Información General Y Financiera De Proveedores
B10: Ciudad | M10: Fecha Dd/mm/aa | AD10: Persona Natural
AD11: Persona Jurídica
B12: 1. Información General
B13: 1.1. Identificación.
B14: Personas naturales | F14: Nombre Comercial | U14: Nombres y Apellidos | AK14: Cédula
B16: Personas jurídicas | F16: Razón Social | U16: NIT | AK16: DV
B18: Dirección | U18: Teléfono | AD18: Fax | AK18: Ciudad
B20: Pagina Web | U20: Años de Constitución | AD20: Sector al que pertenece
B22: 1.2. Personas De Contacto
B23: Gerente General | K23: E-mail | U23: Teléfono | AD23: Ext. | AK23: Celular
B25: Director Comercial | K25: E-mail | U25: Teléfono | AD25: Ext. | AK25: Celular
B27: Asesor Comercial | K27: E-mail | U27: Teléfono | AD27: Ext. | AK27: Celular
B29: 1.3. Productos Y Servicios Inscritos En El Rup De Acuerdo Con El Unspsc
B30: Incluir Listado Con Breve Descripción De Los Productos Y/o Servicios Que Ofrece La Compañía, Registrados En El Rup (agregue Las Filas Necesarias) | AK30: Código de Naciones Unidas
B36: 1.4. Códigos CIIU | AK36: 1.5. Número De Empleados
B37: Código De Actividad | F37: Descripción Actividad Económica CIIU | AD37: Tarifa ICA
B41: 2. Información Financiera - A Diciembre 31 De 2012
B42: Nombre Del Indicador | M42: Cuenta | U42: Valores En Pesos | AD42: Indicador
B43: Capacidad Financiera | F43: índice De Liquidez | M43: Activo Corriente --> | AD43: =+IFERROR(U43/U44,0) -> 0 | AK43: Veces
M44: Pasivo Corriente -->
F45: Índice De Endeudamiento | M45: Pasivo Total--> | AD45: =+IFERROR(U45/U46,0) -> 0 | AK45: Porcentaje
M46: Activo Total-->
F47: Razón De Cobertura De Intereses | M47: Utilidad Operacional--> | AD47: =+IFERROR(U47/U48,0) -> 0 | AK47: Veces
M48: Gastos De Interés-->
B49: Capacidad Organizacional | F49: Rentabilidad Del Patrimonio | M49: Utilidad Operacional--> | AD49: =+IFERROR(U49/U50,0) -> 0 | AK49: Porcentaje
M50: Patrimonio-->
F51: Rentabilidad Del Activo | M51: Utilidad Operacional--> | AD51: =+IFERROR(U51/U52,0) -> 0 | AK51: Porcentaje
M52: Activo Total-->
B53: Nota: Para las empresas inspeccionadas, vigiladas o controladas por la Supersociedades, la información consignada en este numeral será validada con la reportada a la Supersociedades y disponible para consulta en Internet mediante el Sistema de Información y Riesgo Empresarial de la Supersociedades (SIREM). Si se evidencian diferencias en los valores consignados en este formato y los reportados a la Supersociedades se tomará como referencia la información del SIREM.
B54: Otra información relevante de la empresa (consigne en este espacio otra información que considere de interés)

Sheet POLIZAS
B9: CONCEPTOS A TENER EN CUENTA PARA REALIZAR LA COTIZACIÓN DE DOTACIÓN INDUSTRIAL
B12: El presente cuadro es de carácter informativo, no se debe diligenciar. Sin embargo se entiende que la cotización incluye la totalidad de los conceptos relacionados a continuación.
B14: POLIZAS PARA LEGALIZACIÓN DEL CONTRATO
B16: CONCEPTO | D16: COBERTURA | E16: PLAZO (En Meses)
B17: Garantía de Seriedad de la oferta | D17: 0.1 | E17: Plazo de Ejecución
B18: Cumplimiento | D18: 0.2 | E18: Plazo de ejecución + 4 meses mas
B19: Salarios, Prestaciones | D19: 0.1 | E19: Plazo de ejecución + 36 meses mas
B20: Calidad de los Servicios | D20: 0.2 | E20: Plazo de ejecución + 4 meses mas
B21: Responsabilidad civil extracontraactual | D21: 0.1 | E21: Plazo de Ejecución
B22: Cobertura: Corresponde al porcentaje del valor total del contrato a amparar.

Sheet INFO EXPERIENCIA
B8: EXPERIENCIA EN CONTRATACION EN LOS ULTIMOS 5 AÑOS
B9: EXPERIENCIA EN CONTRATACIÓN EN LOS ÚLTIMOS 5 AÑOS
B11: Empresa: | C11: =+'FORMATO SDC'!C10 -> 0 | F11: Nit: | G11: =+'FORMATO SDC'!E10 -> 0 | I11: Fecha: | J11: =+'FORMATO SDC'!G10 -> 0
B12: Contacto: | C12: =+'FORMATO SDC'!C11 -> 0 | F12: Cargo: | G12: =+'FORMATO SDC'!E11 -> 0 | I12: Tel. celular: | J12: =+'FORMATO SDC'!G11 -> 0
B13: E-Mail: | C13: =+'FORMATO SDC'!C12 -> 0 | F13: Dirección: | G13: =+'FORMATO SDC'!E12 -> 0 | I13: Tel. fijo: | J13: =+'FORMATO SDC'!G12 -> 0
B15: Con el fin de conocer la experiencia con la que cuentan las empresas del sector relacionada con el objeto del presente estudio de mercado, agradecemos diligenciar el cuadro que sigue con base en los contratos suscritos en los últimos 5 años, cuyos objetos están relacionados con el objeto del presente estudio de mercado
B17: Tipo de entidad | C17: Entidad o Empresa | D17: Numero del contrato | E17: Objeto del contrato | F17: Fecha de suscripción (dd/mmm/aa) | G17: Plazo de ejecución (en años) | H17: Forma de participación (UT, consorcio, individual) | I17: % de participación | J17: Valor total ejecutado del contrato (de acuerdo con el % de participación)
B29: Nota: Agregar las filas necesarias para reportar la experiencia
